 Dungeon Crawl Stone Soup version 0.21-a0-437-ge5bf024 (webtiles) character file.

53 slep the Slasher (level 3, -1/33 HPs)
             Began as a Minotaur Monk on Nov 10, 2017.
             Slain by a dart slug (3 damage)
             ... on level 2 of the Dungeon.
             The game lasted 00:02:40 (742 turns).

slep the Slasher (Minotaur Monk)                     Turns: 742, Time: 00:02:40

Health: -1/33      AC:  4    Str: 15    XL:     3   Next: 64%
Magic:  2/2        EV: 13    Int:  8    God:
Gold:   41         SH:  0    Dex: 12    Spells: 2/2 levels left

rFire    . . .     SeeInvis .   a - +0 falchion
rCold    . . .     Gourm    +   (no shield)
rNeg     . . .     Faith    .   d - +0 leather armour
rPois    .         Spirit   .   (helmet restricted)
rElec    .         Reflect  .   (no cloak)
rCorr    .         Harm     .   (no gloves)
MR       .....                  k - +0 pair of boots
Stlth    ++........             l - amulet of the gourmand
HPRegen  0.11/turn              (no ring)
MPRegen  0.08/turn              (no ring)

@: no status effects
A: retaliatory headbutt, horns 2
a: no special abilities


You were on level 2 of the Dungeon.
You were not hungry.

You visited 1 branch of the dungeon, and saw 2 of its levels.

You collected 41 gold pieces.

Inventory:

Hand Weapons
 a - a +0 falchion (weapon)
Armour
 b - a +0 robe
 d - a +0 leather armour (worn)
 k - a +0 pair of boots (worn)
Jewellery
 l - an amulet of the gourmand (around neck)
Scrolls
 e - a scroll of noise {unknown}
 h - a scroll of remove curse {unknown}
 j - a scroll of identify {unknown}
Potions
 f - a potion of heal wounds {unknown}
 i - a potion of flight {unknown}
Comestibles
 c - a bread ration
 g - 3 fruits


   Skills:
 + Level 4.1 Fighting
 + Level 4.5 Long Blades
 + Level 1.1 Armour
 + Level 3.7 Dodging
 + Level 1.7 Stealth


You had 2 spell levels left.
You didn't know any spells.

Dungeon Overview and Level Annotations

Branches:
Dungeon (2/15)

Altars:


Innate Abilities, Weirdness & Mutations

You reflexively headbutt those who attack you in melee.
You have a pair of horns on your head.


Message History

The gnoll is moderately wounded.
The gnoll hits you with a spear.
* * * LOW HITPOINT WARNING * * *
You hit the gnoll but do no damage.
The gnoll is moderately wounded.
The gnoll barely misses you.
You riposte.
You hit the gnoll. You headbutt the gnoll.
You kill the gnoll!
The gnoll hits you but does no damage.
Things that are here:
a spear; a plate armour You hit the gnoll but do no damage.
You headbutt the gnoll!
The gnoll is severely wounded.
The gnoll hits you with a whip.
* * * LOW HITPOINT WARNING * * *
A dart slug comes into view.
You hit the gnoll.
You kill the gnoll!
The dart slug bites you.
You die...

## .... .. #..#
#. #..# #. #..#
#. #..## #.
##...##
#w#########.....#
#.@))...........#
###########.....#
##...## #.### #.#
#.# #.# #######.#
#.......#


You could see a dart slug.

Vanquished Creatures
  3 gnolls (D:2)
  An ooze (D:1)
  A leopard gecko (D:1)
  A bat (D:1)
  5 goblins (D:1)
  2 hobgoblins (D:1)
  3 kobolds (D:1)
  A ball python (D:1)
  A frilled lizard (D:1)
  2 rats (D:1)
20 creatures vanquished.

Notes
Turn   | Place    | Note
-------+----------+-------------------------------------------
     0 | D:1      | slep the Minotaur Monk began the quest for the Orb.
     0 | D:1      | Reached XP level 1. HP: 19/19 MP: 0/0
   156 | D:1      | Reached XP level 2. HP: 26/27 MP: 1/1
   730 | D:2      | Reached skill level 1 in Armour
   730 | D:2      | Reached XP level 3. HP: 18/33 MP: 2/2
   742 | D:2      | Slain by a dart slug

Vault maps used:
D:1:      dpeg_arrival_snail, minmay_tromino_i4
D:2:      chequers_temple_overflow_statue_of_worship, overflow_temple_1_default,
          nicolae_overflow_crystal_walls

Skill      XL: |  1  2 |
---------------+-------+-----
Long Blades    | 4 |  4.5
Fighting       | 4 |  4.1
Armour         | 1 |  1.1
Dodging        | |  3.7
Stealth        | |  1.7

Action                   || total
-------------------------++-------
Melee: Falchion          ||    49
       Headbutt          ||     9
 Stab: Sleeping          ||     1
  Eat: Chunk             ||     4
Armor: Leather armour    ||    12
Dodge: Dodged            ||    36
       Rpst.: Falchion   ||    16

Table legend:
 A = Spawn XP
 B = Non-spawn XP
 C = Spawn XP percentage of total XP
 D = Spawn monster count
 E = Non-spawn monster count
 F = Spawn count percentage of total count
 G = Total turns spent on level
                    A         B        C        D         E        F      G
               +---------+---------+-------+---------+---------+-------+---------
         Total |       0 |      77 |   0.0 |       0 |      20 |   0.0 |   742
               +---------+---------+-------+---------+---------+-------+---------
           D:1 |       0 |      36 |   0.0 |       0 |      17 |   0.0 |   703
           D:2 |       0 |      41 |   0.0 |       0 |       3 |   0.0 |    39
               +---------+---------+-------+---------+---------+-------+---------
